 Dungeon Sprint DCSS version 0.30-a0-1094-g860fb061e7 (webtiles) character file.

Game seed: 7215408221714807432

733 BigDaddyOpFi the Hand of Shadow (level 7, -7/54 HPs)
             Began as an Octopode Fighter on Apr 17, 2023.
             Was a High Priest of Dithmenos.
             Mangled by a flying skull (8 damage)
             ... while paralysed by a floating eye
             ... in the Dungeon (Sprint VII: "The Pits").
             The game lasted 00:01:39 (1355 turns).

BigDaddyOpFi the Hand of Shadow (Octopode Fighter)  Turns: 1355, Time: 00:01:40

Health: -7/54      AC:  1    Str: 17    XL:     7   Next: 74%
Magic:  14/14      EV:  2    Int: 11    God:    Dithmenos [*****.]
Gold:   0          SH:  0    Dex: 11    Spells: 6/6 levels left

rFire   . . .      SeeInvis .    a - +0 war axe
rCold   . . .      Faith    .    b - +0 buckler
rNeg    . . .      Spirit   .    (helmet restricted)
rPois   .          Reflect  .    (no amulet)
rElec   .          Rampage  .    (no ring)
rCorr   .          NoTele   +    (no ring)
Will    .....                    (no ring)
Stlth   +++                      (no ring)
HPRegen 0.29/turn                (no ring)
MPRegen 0.14/turn                (no ring)
                                 (no ring)
                                 (no ring)

@: paralysed, wreathed by umbra
A: almost no armour, amphibious, 8 rings, camouflage 1, gelatinous body 1,
(nimble swimmer 1), tentacles
a: Renounce Religion, Shadow Step, Shadow Form


You were in the Dungeon.
You worshipped Dithmenos.
Dithmenos was extremely pleased with you.
You visited 1 branch

Inventory:

Hand Weapons
 a - a +0 war axe (weapon)
Armour
 b - a +0 buckler (worn)
Scrolls
 i - a scroll of blinking
Potions
 c - 4 potions of curing
 d - a potion of heal wounds
 f - a potion of haste
 g - 4 potions of magic
 h - a potion of berserk rage
 j - 2 potions of invisibility


   Skills:
 + Level 7.4 Fighting
 + Level 7.0 Axes
 + Level 7.3 Dodging
 + Level 7.3 Shields
 * Level 10.4 Invocations


You had 6 spell levels left.
You didn't know any spells.
Your spell library was empty.

Dungeon Overview and Level Annotations

Branches:
Dungeon (1/1)

Altars:
Ashenzari
Cheibriados
Dithmenos
Elyvilon
Fedhas
Gozag
Hepliaklqana
Kikubaaqudgha
Makhleb
Nemelex Xobeh
Okawaru
Qazlal
Ru
Sif Muna
Trog
Uskayaw
Vehumet
Wu Jian
Xom
Yredelemnul
Zin
The Shining One
Jiyva
Lugonu


Innate Abilities, Weirdness & Mutations

You cannot wear most types of armour.
You are amphibious.
You can wear up to eight rings at the same time.
Your skin changes colour to match your surroundings (Stealth+).
Your rubbery body absorbs attacks. (AC +1, EV +1)
((You are camouflaged when in or above water. (Stealth+)))
You have tentacles for arms and can constrict up to eight enemies at once.


Message History

You suddenly lose the ability to move!
You lose your grip on the flying skull.
The flying skull hits you. The flying skull hits you!
The flying skull hits you.
You can move again.
Unknown command.
Unknown command.
Unknown command.
You miss the flying skull. Your grab misses the flying skull.
The flying skull is moderately damaged.
The flying skull hits you!
* * * LOW HITPOINT WARNING * * *
The flying skull misses you. The floating eye's view fixates on you.
You feel much better. The flying skull misses you.
The floating eye gazes piercingly through you!
You shrug off the repeated paralysis!
You miss the flying skull. Your grab misses the flying skull.
The flying skull is moderately damaged.
The flying skull barely misses you. The flying skull hits you!
You slash the flying skull! Your grab misses the flying skull.
Your squeeze misses the flying skull.
The flying skull is heavily damaged.
The flying skull barely misses you.
The floating eye's stare focuses on you.
The flying skull closely misses you.
You barely miss the flying skull. Your grab misses the flying skull.
Your squeeze misses the flying skull.
The flying skull is heavily damaged.
The flying skull misses you.
The floating eye gazes piercingly through you!
You suddenly lose the ability to move!
The flying skull hits you. The flying skull hits you! x2
* * * LOW HITPOINT WARNING * * *
The flying skull hits you!
* * * LOW HITPOINT WARNING * * *
The flying skull hits you.
* * * LOW HITPOINT WARNING * * *
The floating eye's view fixates on you. The flying skull hits you!
You die...

#.#.....#'###...<...#
#.#........##.......#
#.#........##.......#
#)###########.......#
#))†....#.. #########
#)###...#.#
#.#.....#G#
#.#...#.#z#
#.....#.#@+
#...###.#'#
#.......'.#
###########


You could see a flying skull and a floating eye (charged).

Vanquished Creatures
  A hellwing (D)
  A floating eye (D)
  An ogre (D)
  A necrophage (D)
  A scorpion (D)
  2 hounds (D)
  4 orc wizards (D)
  2 gnolls (D)
  2 adders (D)
  A worm (D)
  8 orcs (D)
  A bat skeleton (D)
  An endoplasm (D)
  A giant cockroach (D)
  A hobgoblin (D)
28 creatures vanquished.

Notes
Turn   | Place    | Note
-------+----------+-------------------------------------------
     0 | D        | BigDaddyOpFi the Octopode Fighter began the quest for the
                  | Orb.
     0 | D        | Reached XP level 1. HP: 16/16 MP: 1/1
    17 | D        | Found a bloodstained altar of Trog.
    17 | D        | Found a shimmering blue altar of Sif Muna.
    17 | D        | Found a viscous altar of Jiyva.
    17 | D        | Found a hazy altar of Hepliaklqana.
    17 | D        | Found an opulent altar of Gozag.
    18 | D        | Found a glowing golden altar of the Shining One.
    18 | D        | Found a glowing silver altar of Zin.
    18 | D        | Found a basalt altar of Yredelemnul.
    18 | D        | Found a shimmering altar of Xom.
    18 | D        | Found an ornate altar of the Wu Jian Council.
    18 | D        | Found a sacrificial altar of Ru.
    18 | D        | Found a stormy altar of Qazlal.
    18 | D        | Found an iron altar of Okawaru.
    18 | D        | Found a sparkling altar of Nemelex Xobeh.
    18 | D        | Found a burning altar of Makhleb.
    18 | D        | Found a blossoming altar of Fedhas.
    18 | D        | Found a white marble altar of Elyvilon.
    18 | D        | Found a shadowy altar of Dithmenos.
    18 | D        | Found a snail-covered altar of Cheibriados.
    19 | D        | Found a radiant altar of Vehumet.
    19 | D        | Found a corrupted altar of Lugonu.
    20 | D        | Found an ancient bone altar of Kikubaaqudgha.
    20 | D        | Found a hide-covered altar of Uskayaw.
    20 | D        | Found a broken altar of Ashenzari.
    30 | D        | Became a worshipper of Dithmenos the Shadowed
    61 | D        | Reached skill level 2 in Invocations
    61 | D        | Reached XP level 2. HP: 21/21 MP: 1/3
   184 | D        | Noticed a scorpion
   189 | D        | Killed a scorpion
   189 | D        | Reached * piety under Dithmenos
   190 | D        | Reached skill level 4 in Invocations
   190 | D        | Reached XP level 3. HP: 10/27 MP: 3/6
   190 | D        | Reached XP level 4. HP: 13/34 MP: 3/7
   293 | D        | Noticed a floating eye
   296 | D        | Paralysed by a floating eye for 2 turns
   298 | D        | Killed a floating eye
   299 | D        | Reached skill level 5 in Fighting
   299 | D        | Reached skill level 5 in Dodging
   299 | D        | Reached skill level 5 in Shields
   299 | D        | Reached skill level 6 in Invocations
   299 | D        | Reached XP level 5. HP: 39/39 MP: 7/10
   300 | D        | Reached ** piety under Dithmenos
   310 | D        | Reached *** piety under Dithmenos
   311 | D        | Reached skill level 7 in Invocations
   312 | D        | Reached skill level 5 in Axes
   315 | D        | Reached XP level 6. HP: 18/46 MP: 9/11
   510 | D        | Reached **** piety under Dithmenos
   511 | D        | Reached skill level 8 in Invocations
   519 | D        | Reached skill level 9 in Invocations
   520 | D        | Reached ***** piety under Dithmenos
   522 | D        | Reached XP level 7. HP: 42/53 MP: 13/13
   831 | D        | Noticed a hellwing
   857 | D        | Killed a hellwing
   858 | D        | Reached skill level 10 in Invocations
  1334 | D        | Noticed a flying skull
  1336 | D        | Paralysed by a floating eye for 3 turns
  1341 | D        | Paralysed by a floating eye for 2 turns
  1345 | D        | Paralysed by a floating eye for 3 turns
  1352 | D        | Paralysed by a floating eye for 4 turns
  1354 | D        | HP: 2/54 [flying skull (12)]
  1355 | D        | Mangled by a flying skull

Illustrated notes

Levels and vault maps discovered:
D:        pitsprint [storerooms_1, entrance_room_1, metal_vault_1, armoury_1,
          mini_pit_1, grid_room_1, main_hall_1, silver_pit, the_coven_3,
          the_vestibule_1, steel_vault_5, golden_pit, hallway_of_sentries,
          crystal_vault_2, iron_vault_4, final_vault]

Skill      XL: |  1  2  3  4  5  6  7 |
---------------+----------------------+-----
Invocations    | 2 4 6 7 9 10 | 10.4
Fighting       | 4 5 6 7 |  7.4
Axes           | 3 4 5 6 7 |  7.0
Dodging        | 4 5 6 7 |  7.3
Shields        | 4 5 6 7 |  7.3

Action                     |  1- 3 |  4- 6 |  7- 9 || total
---------------------------+-------+-------+-------++-------
  Melee: War axe           |     8 |    28 |    43 ||    79
         Constrict         |     3 |     7 |     4 ||    14
         Tentacles         |     1 |     6 |     5 ||    12
    Use: Potion            |     3 |     1 |     6 ||    10
   Stab: Sleeping          |       |     1 |     2 ||     3
 Armour: Skin              |     2 |       |       ||     2
  Dodge: Dodged            |     8 |    16 |    35 ||    59
  Block: Buckler           |     1 |     7 |    13 ||    21

Table legend: (Time is in decaauts)
 A = Elapsed time spent in this place.
 B = Non-inter-level travel time spent in this place.
 C = Inter-level travel time spent in this place.
 D = Time resting spent in this place.
 E = Time spent auto-exploring this place.
 F = Levels seen in this place.
 G = Mean time per level.
                   A        B        C        D        E       F      G
               +--------+--------+--------+--------+--------+-----+--------+
         Total |   1391 |   1374 |     17 |   1131 |      0 |   1 | 1391.0 |
       Dungeon |   1391 |   1374 |     17 |   1131 |      0 |   1 | 1391.0 |
               +--------+--------+--------+--------+--------+-----+--------+

Top non-repeatable levels by time:
       D: 1391 daAuts
